 Dungeon Crawl Stone Soup version 0.31.0-11-ge490571c62 (webtiles) character file.

Game seed: 7306791810806623844

79 qw the Shooter (level 4, -1/25 HPs)
             Began as a Deep Elf Hunter on Feb 4, 2024.
             Slain by a kobold brigand
             ... wielding a +0 whip
              (3 damage)
             ... on level 3 of the Dungeon.
             The game lasted 00:00:05 (1524 turns).

qw the Shooter (Deep Elf Hunter)                    Turns: 1524, Time: 00:00:06

Health: -1/25      AC:  9    Str: 10    XL:     4   Next: 17%
Magic:  6/6        EV: 12    Int: 14    God:
Gold:   81         SH:  0    Dex: 18    Spells: 3/3 levels left

rFire   + . .        a - +0 shortbow
rCold   + . .        (shield currently unavailable)
rNeg    . . .        c - +0 leather armour
rPois   .            (no helmet)
rElec   .            e - scarf {rC+ rF+}
rCorr   .            (no gloves)
SInv    .            d - +1 pair of boots
Will    .....        (no amulet)
Stlth   ++           f - +4 ring of protection
HPRegen 0.24/turn    (no ring)
MPRegen 0.10/turn

%: no passive effects
@: lethally poisoned (-1 -> -2)
A: no striking features
a: no special abilities


You were on level 3 of the Dungeon.
You visited 1 branch of the dungeon, and saw 3 of its levels.

You collected 81 gold pieces.


   Skills:
 - Level 1.5 Fighting
 + Level 7.6 Ranged Weapons
 - Level 2.4 Dodging
 - Level 1.2 Stealth


You had 3 spell levels left.
You didn't know any spells.
Your spell library was empty.

Inventory:

Hand Weapons
 a - a +0 shortbow (weapon)
Armour
 c - a +0 leather armour (worn)
 d - a +1 pair of boots (worn)
 e - a scarf of resistance (worn)
Jewellery
 f - a +4 ring of protection (left hand)
Potions
 b - a potion of enlightenment
 h - a potion of might {unknown}
 i - a potion of curing {unknown}

Dungeon Overview and Level Annotations

Branches:
Dungeon (3/15)

Altars:

Annotations:
D:3 Grinder


Message History

The kobold brigand is wielding a +0 whip and quivering poisoned darts.
Grinder gestures at you. You resist with significant effort.
You shoot an arrow. The arrow hits the kobold brigand.
The kobold brigand shouts!
The kobold brigand is lightly wounded.
The kobold brigand throws a poisoned dart.
The poisoned dart hits you!
You are poisoned.
A water moccasin comes into view.
Enter note:
Enter note:
1518 ||| RETREEEEATING.
You feel very sick.
You shoot an arrow.
The arrow hits the kobold brigand but does no damage.
The kobold brigand is lightly wounded.
You feel sick. Grinder gestures at you.
You suddenly lose the ability to move!
You feel sick. x2
The kobold brigand hits you with a +0 whip.
You can move again.
You shoot an arrow. The arrow hits the kobold brigand.
The kobold brigand is moderately wounded.
You feel sick.
Grinder grins, showing sharp teeth.
The kobold brigand hits you with a +0 whip!
You shoot an arrow.
The arrow closely misses the kobold brigand.
You feel sick.
The kobold brigand hits you but does no damage.
You shoot an arrow.
The arrow hits the kobold brigand but does no damage.
The kobold brigand is moderately wounded.
You feel sick.
The kobold brigand hits you with a +0 whip.
Grinder hits you but does no damage.
The kobold brigand hits you with a +0 whip.
You die...

... #..........# #.###
#..........## #...#
#.........?.#. #.#.#
#.............
#.#.#####........%....
####.#.#.................
#............##..........
..##......###............
<.##............@........
............####K5.......
.....#.....## ##).......
.......%..... .........
..........#.. ..........
##.....................##
###... ............ ...
.............
..S.....#.#...


You could see Grinder and a kobold brigand.

Vanquished Creatures
  4 adders (D:2)
  2 ribbon worms (D:2)
  5 ball pythons
  3 endoplasms
  9 goblins
  A hobgoblin (D:1)
  7 bats
  A frilled lizard (D:1)
  A kobold (D:1)
  7 rats
40 creatures vanquished.

Notes
Turn   | Place    | Note
-------+----------+-------------------------------------------
     0 | D:1      | qw the Deep Elf Hunter began the quest for the Orb.
     0 | D:1      | Reached XP level 1. HP: 12/12 MP: 3/3
     0 | D:1      | 0 ||| qw: Version: 0.3-a-160-g6735b56
     0 | D:1      | 0 ||| qw: Game counter: 4825
     0 | D:1      | 0 ||| qw: Melee chars always use a shield: true
     0 | D:1      | 0 ||| qw: God list: Okawaru
     0 | D:1      | 0 ||| qw: Allow faded altars: false
     0 | D:1      | 0 ||| qw: Do Orc after clearing Dungeon:15 true
     0 | D:1      | 0 ||| qw: Do second Lair branch before Depths: true
     0 | D:1      | 0 ||| qw: Lair rune preference: random
     0 | D:1      | 0 ||| qw: Goals: Normal
     0 | D:1      | 0 ||| PLANNING D:1-11
   192 | D:1      | Reached skill level 6 in Ranged Weapons
   192 | D:1      | Reached XP level 2. HP: 16/16 MP: 4/4
   839 | D:1      | 839 ||| UPGRADING to scarf of resistance.
   844 | D:1      | 844 ||| UPGRADING to +4 ring of protection.
   845 | D:1      | 845 ||| READING scroll labelled PUAH PUPRESH.
   845 | D:1      | 845 ||| IDENTIFYING viscous blue potion
   846 | D:1      | 846 ||| DROPPING scroll of butterflies.
   847 | D:1      | 847 ||| DROPPING potion of lignification.
   870 | D:2      | 870 ||| STAIRDANCE
   876 | D:2      | 876 ||| STAIRDANCE
   886 | D:2      | 886 ||| STAIRDANCE
   891 | D:2      | 891 ||| STAIRDANCE
   911 | D:2      | 911 ||| STAIRDANCE
   985 | D:2      | Reached XP level 3. HP: 20/20 MP: 5/5
  1014 | D:2      | Reached skill level 7 in Ranged Weapons
  1357 | D:2      | Reached XP level 4. HP: 18/25 MP: 6/6
  1429 | D:2      | 1429 ||| UPGRADING to +0 pair of boots.
  1434 | D:2      | 1434 ||| READING scroll of identify.
  1434 | D:2      | 1434 ||| IDENTIFYING golden potion
  1435 | D:2      | 1435 ||| READING scroll labelled KIZIAMAXEA.
  1478 | D:2      | 1478 ||| READING scroll labelled FANIPH WYSUATI.
  1478 | D:2      | 1478 ||| ENCHANTING +0 pair of boots.
  1515 | D:3      | Noticed Grinder
  1516 | D:3      | Noticed a kobold brigand
  1517 | D:3      | Noticed a water moccasin
  1518 | D:3      | 1518 ||| RETREEEEATING.
  1519 | D:3      | Paralysed by Grinder for 3 turns
  1522 | D:3      | HP: 5/25 [kobold brigand/+0 whip (8)]
  1524 | D:3      | HP: 2/25 [kobold brigand/+0 whip (1)]
  1524 | D:3      | Slain by a kobold brigand

Levels and vault maps discovered:
D:1:      elethiomel_arrival_infinity_welcomes_careful_drivers,
          layout_loops_corners
D:2:      layout_rooms, kennysheep_doodads
D:3:      layout_rooms, lemuel_round_altar, minmay_misc_feat_four_crosses,
          uniq_grinder

Skill      XL: |  1  2  3 |
---------------+----------+-----
Ranged Weapons | 6 7 |  7.6
Fighting       | |  1.5
Dodging        | |  2.4
Stealth        | |  1.2

Action                     |  1- 3 |  4- 6 || total
---------------------------+-------+-------++-------
   Fire: Shortbow          |    95 |    10 ||   105
    Use: Scroll            |     1 |     3 ||     4
 Armour: Leather armour    |    24 |     6 ||    30
  Dodge: Dodged            |    27 |       ||    27

Table legend:
 A = Non-vault XP
 B = Vault XP
 C = Vault XP percentage of total XP
 D = Non-vault monster count
 E = Vault monster count
 F = Vault count percentage of total count
                 A         B        C        D         E       F
            +---------+---------+-------+---------+---------+-------
      Total |     114 |       0 |   0.0 |      40 |       0 |   0.0
            +---------+---------+-------+---------+---------+-------
        D:1 |      29 |       0 |   0.0 |      20 |       0 |   0.0
        D:2 |      78 |       0 |   0.0 |      15 |       0 |   0.0
        D:3 |       7 |       0 |   0.0 |       5 |       0 |   0.0
            +---------+---------+-------+---------+---------+-------
